| TOP OF THE 1ST |
|
Tacoma Rainiers batting - Pitching for Round Rock Express : RHP Jeff Kidd
|
|
Pitching: RHP Jeff Kidd
|
|
|
Batting: LHB Caleb Domino
|
0-0: Foul Ball, location: 2F 0-1: Called Strike 0-2: Ball 1-2: Foul Ball, location: 2F 1-2: Foul Ball, location: 2F 1-2: Ball 2-2: Foul Ball, location: 2F 2-2: Foul Ball, location: 2F 2-2: Foul Ball, location: 2F 2-2: Strikes out looking
|
|
Batting: RHB Rick Ellis
|
0-0: Ball 1-0: Ball 2-0: Ball 3-0: Called Strike 3-1: SINGLE (Groundball, 5S, EV 65.0 MPH) (infield hit)
|
|
Batting: LHB Ryan Lowe
|
0-0: Called Strike 0-1: Fly out, F7 (Flyball, 78S, EV 96.2 MPH)
|
|
Batting: LHB Tom Reynolds
|
0-0: Ball 1-0: Ball 2-0: Fly out, F9 (Flyball, 9, EV 91.9 MPH)
|
| Top of the 1st over - 0 runs, 1 hit, 0 errors, 1 left on base; Tacoma 0 - Round Rock 0 |
| BOTTOM OF THE 1ST |
|
Round Rock Express batting - Pitching for Tacoma Rainiers : RHP Dwain Ashford
|
|
Pitching: RHP Dwain Ashford
|
|
|
Batting: SHB Lorenzo Meza
|
0-0: Ball 1-0: Swinging Strike 1-1: SINGLE (Groundball, 23, EV 65.6 MPH) (infield hit)
|
|
Batting: RHB Rodolfo Contreras
|
0-0: Ball Lorenzo Meza steals 2nd base 1-0: Ball Lorenzo Meza is caught stealing 3rd base 2-5 2-0: SINGLE (Flyball, 8RS, EV 92.5 MPH)
|
|
Batting: LHB Manuel Arguello
|
0-0: Ball 1-0: Fly out, F8 (Flyball, 8LD, EV 103.1 MPH)
|
|
Batting: RHB Ernie Weathersbee
|
0-0: Ball Rodolfo Contreras steals 2nd base 1-0: Ground out 6-3 (Groundball, 6, EV 89.4 MPH)
|
| Bottom of the 1st over - 0 runs, 2 hits, 0 errors, 1 left on base; Tacoma 0 - Round Rock 0 |
| TOP OF THE 2ND |
|
Tacoma Rainiers batting - Pitching for Round Rock Express : RHP Jeff Kidd
|
|
Batting: RHB Brad Robidas
|
0-0: Ball 1-0: Ball 2-0: Ball 3-0: Called Strike 3-1: Base on Balls
|
|
Batting: RHB Sean Peake
|
0-0: Ball Brad Robidas is caught stealing 2nd base 2-4 1-0: Called Strike 1-1: Swinging Strike 1-2: Foul Ball, location: 2F 1-2: Ball 2-2: Ball 3-2: Ground out 4-3 (Groundball, 4, EV 86.9 MPH)
|
|
Batting: RHB Bill Vives
|
0-0: Ground out 4-3 (Groundball, 4M, EV 81.2 MPH)
|
| Top of the 2nd over - 0 runs, 0 hits, 0 errors, 0 left on base; Tacoma 0 - Round Rock 0 |
| BOTTOM OF THE 2ND |
|
Round Rock Express batting - Pitching for Tacoma Rainiers : RHP Dwain Ashford
|
|
Batting: SHB Greg Prime
|
0-0: Called Strike 0-1: Foul Ball, location: 2F 0-2: Ball 1-2: Ball 2-2: Ground out 4-3 (Groundball, 4, EV 100.0 MPH)
|
|
Batting: RHB Bobby Keithley
|
0-0: Called Strike 0-1: Called Strike 0-2: Strikes out swinging
|
|
Batting: RHB Ivan Colon
|
0-0: Ball 1-0: Fly out, F6 (Line Drive, 56, EV 63.8 MPH)
|
| Bottom of the 2nd over - 0 runs, 0 hits, 0 errors, 0 left on base; Tacoma 0 - Round Rock 0 |
| TOP OF THE 3RD |
|
Tacoma Rainiers batting - Pitching for Round Rock Express : RHP Jeff Kidd
|
|
Batting: RHB Tatsunori Hayakawa
|
0-0: Called Strike 0-1: Ball 1-1: Fly out, F9 (Flyball, 9LM, EV 87.5 MPH)
|
|
Batting: RHB David Aguilar
|
0-0: Called Strike 0-1: Foul Ball, location: 2F 0-2: Strikes out swinging
|
|
Batting: LHB Caleb Domino
|
0-0: Foul Ball, location: 2F 0-1: Ball 1-1: Ball 2-1: Ball 3-1: SINGLE (Line Drive, 9S, EV 93.1 MPH)
|
|
Batting: RHB Rick Ellis
|
0-0: Called Strike 0-1: Called Strike 0-2: Ball Wild Pitch! Caleb Domino to second 1-2: Ball 2-2: Strikes out swinging
|
| Top of the 3rd over - 0 runs, 1 hit, 0 errors, 1 left on base; Tacoma 0 - Round Rock 0 |
| BOTTOM OF THE 3RD |
|
Round Rock Express batting - Pitching for Tacoma Rainiers : RHP Dwain Ashford
|
|
Batting: RHB Carlos Lopez
|
0-0: Ball 1-0: Swinging Strike 1-1: Called Strike 1-2: Ball 2-2: Strikes out looking
|
|
Batting: RHB John Loving
|
0-0: Ball 1-0: Called Strike 1-1: Swinging Strike 1-2: Ground out 6-3 (Groundball, 6, EV 83.8 MPH)
|
|
Batting: SHB Lorenzo Meza
|
0-0: Called Strike 0-1: Foul Ball, location: 2F 0-2: Ball 1-2: Ball 2-2: Strikes out looking
|
| Bottom of the 3rd over - 0 runs, 0 hits, 0 errors, 0 left on base; Tacoma 0 - Round Rock 0 |
| TOP OF THE 4TH |
|
Tacoma Rainiers batting - Pitching for Round Rock Express : RHP Jeff Kidd
|
|
Batting: LHB Ryan Lowe
|
0-0: Called Strike 0-1: Ball 1-1: Ball 2-1: SOLO HOME RUN (Flyball, 9D, EV 97.5 MPH), Distance : 385 ft
|
|
Batting: LHB Tom Reynolds
|
0-0: Called Strike 0-1: Called Strike 0-2: Fly out, F9 (Flyball, 9D, EV 84.4 MPH)
|
|
Batting: RHB Brad Robidas
|
0-0: Called Strike 0-1: Foul Ball, location: 2F 0-2: Ball 1-2: Strikes out swinging
|
|
Batting: RHB Sean Peake
|
0-0: Foul Ball, location: 2F 0-1: Swinging Strike 0-2: Ball 1-2: SINGLE (Flyball, 89S, EV 95.0 MPH)
|
|
Batting: RHB Bill Vives
|
0-0: Called Strike 0-1: Ball Sean Peake is caught stealing 2nd base 2-4
|
| Top of the 4th over - 1 run, 2 hits, 0 errors, 0 left on base; Tacoma 1 - Round Rock 0 |
| BOTTOM OF THE 4TH |
|
Round Rock Express batting - Pitching for Tacoma Rainiers : RHP Dwain Ashford
|
|
Batting: RHB Rodolfo Contreras
|
0-0: Called Strike 0-1: Ball 1-1: Foul Ball, location: 2F 1-2: Ground out 1-3 (Groundball, 34S, EV 73.8 MPH)
|
|
Batting: LHB Manuel Arguello
|
0-0: Called Strike 0-1: Foul Ball, location: 2F 0-2: Ball 1-2: Strikes out swinging
|
|
Batting: RHB Ernie Weathersbee
|
0-0: Ground out 6-3 (Groundball, 6MS, EV 65.6 MPH)
|
| Bottom of the 4th over - 0 runs, 0 hits, 0 errors, 0 left on base; Tacoma 1 - Round Rock 0 |
| TOP OF THE 5TH |
|
Tacoma Rainiers batting - Pitching for Round Rock Express : RHP Jeff Kidd
|
|
Batting: RHB Bill Vives
|
0-0: Swinging Strike 0-1: Ball 1-1: Called Strike 1-2: Ball 2-2: Ball 3-2: Base on Balls
|
|
Batting: RHB Tatsunori Hayakawa
|
0-0: Called Strike 0-1: Ball 1-1: Foul Ball, location: 2F 1-2: Ball 2-2: Grounds into double play, 6-4-3 (Groundball, 6M, EV 83.1 MPH)
|
|
Batting: RHB David Aguilar
|
0-0: Ball 1-0: Swinging Strike 1-1: Ball 2-1: Foul Ball, location: 2F 2-2: Strikes out looking
|
| Top of the 5th over - 0 runs, 0 hits, 0 errors, 0 left on base; Tacoma 1 - Round Rock 0 |
| BOTTOM OF THE 5TH |
|
Round Rock Express batting - Pitching for Tacoma Rainiers : RHP Dwain Ashford
|
|
Batting: SHB Greg Prime
|
0-0: Ball 1-0: Ball 2-0: Foul Ball, location: 2F 2-1: Swinging Strike 2-2: Foul Ball, location: 2F 2-2: Strikes out swinging
|
|
Batting: RHB Bobby Keithley
|
0-0: Called Strike 0-1: Swinging Strike 0-2: Ball 1-2: Strikes out swinging
|
|
Batting: RHB Ivan Colon
|
0-0: Swinging Strike 0-1: Ball 1-1: Foul Ball, location: 2F 1-2: Ground out 4-3 (Groundball, 4, EV 91.2 MPH)
|
| Bottom of the 5th over - 0 runs, 0 hits, 0 errors, 0 left on base; Tacoma 1 - Round Rock 0 |
| TOP OF THE 6TH |
|
Tacoma Rainiers batting - Pitching for Round Rock Express : RHP Jeff Kidd
|
|
Batting: LHB Caleb Domino
|
0-0: Ball 1-0: Called Strike 1-1: Ball 2-1: Swinging Strike 2-2: Foul Ball, location: 2F 2-2: Strikes out swinging
|
|
Batting: RHB Rick Ellis
|
0-0: Ball 1-0: Foul Ball, location: 2F 1-1: Ball 2-1: Foul Ball, location: 2F 2-2: Foul Ball, location: 2F 2-2: Ball 3-2: Fly out, F3 (Popup, 3SF, EV 75.6 MPH)
|
|
Batting: LHB Ryan Lowe
|
0-0: Ball 1-0: Called Strike 1-1: Ground out 5-3 (Groundball, 56, EV 90.6 MPH)
|
| Top of the 6th over - 0 runs, 0 hits, 0 errors, 0 left on base; Tacoma 1 - Round Rock 0 |
| BOTTOM OF THE 6TH |
|
Round Rock Express batting - Pitching for Tacoma Rainiers : RHP Dwain Ashford
|
|
Batting: RHB Carlos Lopez
|
0-0: Ball 1-0: Ball 2-0: SINGLE (Groundball, 6MD, EV 96.9 MPH)
|
|
Batting: RHB John Loving
|
0-0: Called Strike 0-1: Ball 1-1: Called Strike 1-2: Ball 2-2: SINGLE (Groundball, 56D, EV 109.4 MPH) Carlos Lopez to second
|
|
Batting: SHB Lorenzo Meza
|
0-0: Ball 1-0: Called Strike 1-1: Ball 2-1: SINGLE (Line Drive, 8RS, EV 97.5 MPH) Carlos Lopez to third John Loving to second
|
|
Batting: RHB Rodolfo Contreras
|
0-0: Grounds into fielders choice 1-2 (Groundball, 15S, EV 70.0 MPH) John Loving to third Lorenzo Meza to second
|
|
Batting: LHB Manuel Arguello
|
0-0: Ball 1-0: Ball 2-0: Ball 3-0: Base on Balls John Loving scores Lorenzo Meza to third Rodolfo Contreras to second
|
|
Batting: RHB Ernie Weathersbee
|
0-0: Ball 1-0: Called Strike 1-1: Ball 2-1: Swinging Strike 2-2: Strikes out looking
|
|
Batting: SHB Greg Prime
|
0-0: Ball 1-0: Called Strike 1-1: Ball 2-1: Fly out, F8 (Flyball, 8RD, EV 94.4 MPH)
|
| Bottom of the 6th over - 1 run, 3 hits, 0 errors, 3 left on base; Tacoma 1 - Round Rock 1 |
| TOP OF THE 7TH |
|
Tacoma Rainiers batting - Pitching for Round Rock Express : RHP Jeff Kidd
|
|
Batting: LHB Tom Reynolds
|
0-0: Foul Ball, location: 2F 0-1: Ball 1-1: Swinging Strike 1-2: Strikes out swinging
|
|
Batting: RHB Brad Robidas
|
0-0: DOUBLE (Line Drive, 9LM, EV 103.8 MPH)
|
|
Pitching: RHP Roberto Reyes
|
|
|
Batting: RHB Sean Peake
|
0-0: Ball 1-0: Ball 2-0: Ground out 6-3 (Groundball, 6, EV 91.2 MPH) Brad Robidas to third
|
|
Batting: RHB Bill Vives
|
0-0: SINGLE (Groundball, 56D, EV 95.6 MPH) Brad Robidas scores
|
|
Batting: RHB Tatsunori Hayakawa
|
0-0: Called Strike 0-1: Ball 1-1: Ball 2-1: Swinging Strike 2-2: Foul Ball, location: 2F 2-2: Strikes out swinging
|
| Top of the 7th over - 1 run, 2 hits, 0 errors, 1 left on base; Tacoma 2 - Round Rock 1 |
| BOTTOM OF THE 7TH |
|
Round Rock Express batting - Pitching for Tacoma Rainiers : RHP Dwain Ashford
|
|
Pitching: RHP Aidan Martin
|
|
|
Batting: RHB Bobby Keithley
|
0-0: Ball 1-0: Called Strike 1-1: Called Strike 1-2: Foul Ball, location: 2F 1-2: Foul Ball, location: 2F 1-2: SINGLE (Groundball, 4MD, EV 101.2 MPH)
|
|
Batting: RHB Ivan Colon
|
0-0: Ball Bobby Keithley steals 2nd base 1-0: Called Strike 1-1: Ball 2-1: Fly out, F9 (Flyball, 9D, EV 88.8 MPH) Runner from 2nd tags up, SAFE at 3rd, no throw by RF
|
|
Pinch Hitting: SHB David Simpson
|
Squeeze bunt is on, Bobby Keithley is out 0-1: Swinging Strike 0-2: SINGLE (Groundball, 4MD, EV 108.8 MPH)
|
|
Batting: RHB John Loving
|
0-0: Called Strike 0-1: Ball 1-1: Called Strike 1-2: Ball 2-2: Fly out, F3 (Popup, 3F, EV 80.6 MPH)
|
| Bottom of the 7th over - 0 runs, 2 hits, 0 errors, 1 left on base; Tacoma 2 - Round Rock 1 |
| TOP OF THE 8TH |
|
Tacoma Rainiers batting - Pitching for Round Rock Express : RHP Roberto Reyes
|
|
Now at 1B: David Simpson
|
|
|
Now at 3B: John Loving
|
|
|
Now at SS: Ivan Colon
|
|
|
Batting: RHB David Aguilar
|
0-0: DOUBLE (Flyball, 78XD, EV 99.4 MPH)
|
|
Batting: LHB Caleb Domino
|
0-0: Intentional Walk
|
|
Batting: RHB Rick Ellis
|
0-0: Bunt missed! 0-1: Ball 1-1: Bunted foul 1-2: Strikes out swinging
|
|
Batting: LHB Ryan Lowe
|
0-0: Ball 1-0: Ball 2-0: Ball 3-0: Base on Balls David Aguilar to third Caleb Domino to second
|
|
Batting: LHB Tom Reynolds
|
0-0: Ball 1-0: Ball 2-0: Called Strike 2-1: Ball 3-1: SINGLE (Line Drive, 89S, EV 92.5 MPH) David Aguilar scores Caleb Domino to third Ryan Lowe to second
|
|
Batting: RHB Brad Robidas
|
0-0: Called Strike 0-1: Foul Ball, location: 2F 0-2: Ball 1-2: Ball 2-2: Ball 3-2: Foul Ball, location: 2F 3-2: Foul Ball, location: 2F 3-2: Base on Balls Caleb Domino scores Ryan Lowe to third Tom Reynolds to second
|
|
Batting: RHB Sean Peake
|
0-0: Called Strike 0-1: Swinging Strike 0-2: Strikes out swinging
|
|
Pitching: RHP Masataka Kawai
|
|
|
Batting: RHB Bill Vives
|
0-0: Foul Ball, location: 2F 0-1: Fly out, F8 (Flyball, 8LXD, EV 101.9 MPH)
|
| Top of the 8th over - 2 runs, 2 hits, 0 errors, 3 left on base; Tacoma 4 - Round Rock 1 |
| BOTTOM OF THE 8TH |
|
Round Rock Express batting - Pitching for Tacoma Rainiers : RHP Aidan Martin
|
|
Pitching: RHP Dave McGee
|
|
|
Batting: SHB Lorenzo Meza
|
0-0: Ball 1-0: Ball 2-0: Ground out 6-3 (Groundball, 6MD, EV 104.4 MPH)
|
|
Batting: RHB Rodolfo Contreras
|
0-0: Swinging Strike 0-1: Called Strike 0-2: SINGLE (Groundball, 4M, EV 79.4 MPH) (infield hit)
|
|
Batting: LHB Manuel Arguello
|
0-0: Called Strike 0-1: Ball 1-1: Foul Ball, location: 2F 1-2: Fly out, F5 (Line Drive, 5, EV 73.8 MPH)
|
|
Batting: RHB Ernie Weathersbee
|
0-0: 2-RUN HOME RUN (Flyball, 78XD, EV 100.0 MPH), Distance : 427 ft
|
|
Batting: SHB Greg Prime
|
0-0: Called Strike 0-1: Ball 1-1: Foul Ball, location: 2F 1-2: Ball 2-2: Foul Ball, location: 2F 2-2: Strikes out looking
|
| Bottom of the 8th over - 2 runs, 2 hits, 0 errors, 0 left on base; Tacoma 4 - Round Rock 3 |
| TOP OF THE 9TH |
|
Tacoma Rainiers batting - Pitching for Round Rock Express : RHP Masataka Kawai
|
|
Batting: RHB Tatsunori Hayakawa
|
0-0: Fly out, F9 (Flyball, 9, EV 85.6 MPH)
|
|
Batting: RHB David Aguilar
|
0-0: Called Strike 0-1: Ball 1-1: Fly out, F8 (Flyball, 8RD, EV 95.0 MPH)
|
|
Batting: LHB Caleb Domino
|
0-0: Ball 1-0: Single, Error in OF, E7, batter to second base (Groundball, 6D, EV 94.4 MPH)
|
|
Batting: RHB Rick Ellis
|
0-0: Called Strike 0-1: Called Strike 0-2: Foul Ball, location: 2F 0-2: Foul Ball, location: 2F 0-2: Strikes out swinging
|
| Top of the 9th over - 0 runs, 1 hit, 1 error, 1 left on base; Tacoma 4 - Round Rock 3 |
| BOTTOM OF THE 9TH |
|
Round Rock Express batting - Pitching for Tacoma Rainiers : RHP Dave McGee
|
|
Pitching: RHP Victor Cervantes
|
|
|
Batting: RHB Bobby Keithley
|
0-0: Ball 1-0: Foul Ball, location: 2F 1-1: Foul Ball, location: 2F 1-2: Strikes out swinging
|
|
Batting: RHB Ivan Colon
|
0-0: Foul Ball, location: 2F 0-1: Ball 1-1: Ball 2-1: Ball 3-1: Foul Ball, location: 2F 3-2: Fly out, F8 (Flyball, 8LD, EV 86.9 MPH)
|
|
Batting: SHB David Simpson
|
0-0: SINGLE (Groundball, 34D, EV 96.9 MPH)
|
|
Batting: RHB John Loving
|
0-0: Ball 1-0: Called Strike 1-1: Swinging Strike 1-2: Foul Ball, location: 2F 1-2: Ball 2-2: Strikes out swinging
|
| Bottom of the 9th over - 0 runs, 1 hit, 0 errors, 1 left on base; Tacoma 4 - Round Rock 3 |
|